MLB
CINCINNATI REDS @ ARIZONA DIAMONDBACKS
06/27/2098
 
TOP OF THE 1ST
Cincinnati Reds batting - Pitching for Arizona Diamondbacks : LHP Rafael Estrada
Pitching: LHP Rafael Estrada
Batting: LHB Jonathan Nelson 0-0: Swinging Strike
0-1: Ball
1-1: Ground out 2-3 (Groundball, 2R, EV 71.9 MPH)
Batting: RHB Jesus Najera 0-0: Ball
1-0: Called Strike
1-1: Ball
2-1: Ball
3-1: Swinging Strike
3-2: Strikes out swinging
Batting: LHB Steve Carbone 0-0: Foul Ball, location: 7LMF
0-1: Ball
1-1: Swinging Strike
1-2: Ball
2-2: SINGLE (Groundball, 34D, EV 97.5 MPH)
Batting: RHB Dave Truax 0-0: Called Strike
0-1: Called Strike
0-2: Strikes out looking
Top of the 1st over - 0 runs, 1 hit, 0 errors, 1 left on base; Cincinnati 0 - Arizona 0
BOTTOM OF THE 1ST
Arizona Diamondbacks batting - Pitching for Cincinnati Reds : LHP Dusty Plummer
Pitching: LHP Dusty Plummer
Batting: LHB Mike Tinder 0-0: Ball
1-0: Called Strike
1-1: Called Strike
1-2: Ball
2-2: Foul Ball, location: 2F
2-2: Ball
3-2: Strikes out looking
Batting: RHB Gabe Bankole 0-0: SOLO HOME RUN (Flyball, 7LD, EV 93.1 MPH), Distance : 350 ft
Batting: RHB Jesse Cavallaro 0-0: Called Strike
0-1: Ground out 5-3 (Groundball, 5, EV 106.3 MPH)
Batting: RHB Shawn Lindsey 0-0: Foul Ball, location: 25F
0-1: Ball
1-1: Ball
2-1: Ball
3-1: Base on Balls
Batting: SHB Macario Castro 0-0: Swinging Strike
Pickoff Throw to First - Out! 1-3
Bottom of the 1st over - 1 run, 1 hit, 0 errors, 0 left on base; Cincinnati 0 - Arizona 1
TOP OF THE 2ND
Cincinnati Reds batting - Pitching for Arizona Diamondbacks : LHP Rafael Estrada
Batting: RHB Erik Schmidt 0-0: Fly out, F7 (Line Drive, 7LM, EV 103.8 MPH)
Batting: RHB Jamie Schexnider 0-0: Ball
1-0: Called Strike
1-1: Called Strike
1-2: SOLO HOME RUN (Line Drive, 78XD, EV 108.8 MPH), Distance : 420 ft
Batting: RHB Tim Mercer 0-0: Ball
1-0: Called Strike
1-1: Ball
2-1: Foul Ball, location: 3SF
2-2: Foul Ball, location: 9LDF
2-2: TRIPLE (Line Drive, 78XD, EV 96.9 MPH)
Batting: RHB Alfonso Tejeda 0-0: Swinging Strike
0-1: Swinging Strike
0-2: Strikes out looking
Batting: RHB Earl Boivin 0-0: Fly out, F9 (Flyball, 89S, EV 89.4 MPH)
Top of the 2nd over - 1 run, 2 hits, 0 errors, 1 left on base; Cincinnati 1 - Arizona 1
BOTTOM OF THE 2ND
Arizona Diamondbacks batting - Pitching for Cincinnati Reds : LHP Dusty Plummer
Batting: SHB Macario Castro 0-0: Called Strike
0-1: Foul Ball, location: 3FF
0-2: Ball
1-2: Ball
2-2: Strikes out swinging
Batting: LHB Travis Lawlor 0-0: Swinging Strike
0-1: Called Strike
0-2: Strikes out swinging
Batting: SHB Jose Medina 0-0: Called Strike
0-1: Ball
1-1: Called Strike
1-2: Strikes out swinging, 2-3 out at first.
Bottom of the 2nd over - 0 runs, 0 hits, 0 errors, 0 left on base; Cincinnati 1 - Arizona 1
TOP OF THE 3RD
Cincinnati Reds batting - Pitching for Arizona Diamondbacks : LHP Rafael Estrada
Batting: LHB Jonathan Nelson 0-0: Called Strike
0-1: Ball
1-1: Ground out 3-1 (Groundball, 34, EV 91.9 MPH)
Batting: RHB Jesus Najera 0-0: SOLO HOME RUN (Flyball, 78XD, EV 102.5 MPH), Distance : 401 ft
Batting: LHB Steve Carbone 0-0: Foul Ball, location: 2F
0-1: Swinging Strike
0-2: Foul Ball, location: 7LMF
0-2: Foul Ball, location: 2F
0-2: Strikes out swinging
Batting: RHB Dave Truax 0-0: Ball
1-0: Ground out 5-3 (Groundball, 56, EV 88.8 MPH)
Top of the 3rd over - 1 run, 1 hit, 0 errors, 0 left on base; Cincinnati 2 - Arizona 1
BOTTOM OF THE 3RD
Arizona Diamondbacks batting - Pitching for Cincinnati Reds : LHP Dusty Plummer
Batting: LHB Mario Valdez 0-0: Called Strike
0-1: SINGLE (Line Drive, 8LS, EV 104.4 MPH)
Batting: RHB Kevin Delmotte 0-0: Ball
1-0: Called Strike
Mario Valdez is caught stealing 2nd base 2-4
1-1: Ball
2-1: Ball
3-1: Ground out 6-3 (Groundball, 6, EV 108.1 MPH)
Batting: LHB Mike Tinder 0-0: Called Strike
0-1: Ball
1-1: Ball
2-1: Foul Ball, location: 2F
2-2: Strikes out looking
Bottom of the 3rd over - 0 runs, 1 hit, 0 errors, 0 left on base; Cincinnati 2 - Arizona 1
TOP OF THE 4TH
Cincinnati Reds batting - Pitching for Arizona Diamondbacks : LHP Rafael Estrada
Batting: RHB Erik Schmidt 0-0: Called Strike
0-1: Called Strike
0-2: Strikes out swinging, 2-3 out at first.
Batting: RHB Jamie Schexnider 0-0: Called Strike
0-1: Foul Ball, location: 7LMFF
0-2: SOLO HOME RUN (Line Drive, 7D, EV 93.8 MPH), Distance : 371 ft
Batting: RHB Tim Mercer 0-0: TRIPLE (Line Drive, 8RXD, EV 105.6 MPH)
Batting: RHB Alfonso Tejeda 0-0: Ball
1-0: Called Strike
1-1: Swinging Strike
1-2: Ball
2-2: SINGLE (Groundball, 6MS, EV 73.1 MPH) (infield hit)
Tim Mercer scores
Batting: RHB Earl Boivin 0-0: Ball
1-0: Fly out, F9 (Flyball, 9, EV 94.4 MPH)
Batting: LHB Jonathan Nelson 0-0: Called Strike
0-1: Foul Ball, location: 2F
0-2: Foul Ball, location: 2F
0-2: Ball
1-2: Ball
2-2: Fielders Choice at 2nd, 5-4 (Groundball, 5, EV 93.1 MPH)
Top of the 4th over - 2 runs, 3 hits, 0 errors, 1 left on base; Cincinnati 4 - Arizona 1
BOTTOM OF THE 4TH
Arizona Diamondbacks batting - Pitching for Cincinnati Reds : LHP Dusty Plummer
Batting: RHB Gabe Bankole 0-0: Ball
1-0: Foul Ball, location: 9LMF
1-1: Ball
2-1: Fly out, F7 (Flyball, 78XD, EV 100.6 MPH)
Batting: RHB Jesse Cavallaro 0-0: Called Strike
0-1: Ball
1-1: Ball
2-1: Ball
3-1: Foul Ball, location: 7LMF
3-2: Foul Ball, location: 2F
3-2: Fly out, F7 (Flyball, 7, EV 91.3 MPH)
Batting: RHB Shawn Lindsey 0-0: Called Strike
0-1: Ball
1-1: Ball
2-1: Ball
3-1: Swinging Strike
3-2: Base on Balls
Pitching: RHP Juan Mata
Batting: SHB Macario Castro 0-0: Ball
1-0: Ground out 1-3 (Groundball, 13S, EV 63.1 MPH)
Bottom of the 4th over - 0 runs, 0 hits, 0 errors, 1 left on base; Cincinnati 4 - Arizona 1
TOP OF THE 5TH
Cincinnati Reds batting - Pitching for Arizona Diamondbacks : LHP Rafael Estrada
Batting: RHB Jesus Najera 0-0: Ball
1-0: Foul Ball, location: 2F
1-1: Called Strike
1-2: Foul Ball, location: 3F
1-2: Strikes out swinging
Batting: LHB Steve Carbone 0-0: Swinging Strike
0-1: Fly out, F7 (Flyball, 78M, EV 95.6 MPH)
Batting: RHB Dave Truax 0-0: Called Strike
0-1: Ball
1-1: Called Strike
1-2: Strikes out swinging
Top of the 5th over - 0 runs, 0 hits, 0 errors, 0 left on base; Cincinnati 4 - Arizona 1
BOTTOM OF THE 5TH
Arizona Diamondbacks batting - Pitching for Cincinnati Reds : RHP Juan Mata
Batting: LHB Travis Lawlor 0-0: Swinging Strike
0-1: Called Strike
0-2: Foul Ball, location: 5F
0-2: Ball
1-2: Strikes out looking
Batting: SHB Jose Medina 0-0: Called Strike
0-1: Called Strike
0-2: Ball
1-2: Ground out 6-3 (Groundball, 6M, EV 103.1 MPH)
Batting: LHB Mario Valdez 0-0: Foul Ball, location: 2F
0-1: Ball
1-1: Foul Ball, location: 3DF
1-2: Strikes out swinging
Bottom of the 5th over - 0 runs, 0 hits, 0 errors, 0 left on base; Cincinnati 4 - Arizona 1
TOP OF THE 6TH
Cincinnati Reds batting - Pitching for Arizona Diamondbacks : LHP Rafael Estrada
Batting: RHB Erik Schmidt 0-0: Foul Ball, location: 5F
0-1: Ball
1-1: Ball
2-1: Fly out, F7 (Flyball, 7LM, EV 93.8 MPH)
Batting: RHB Jamie Schexnider 0-0: Ball
1-0: SINGLE (Line Drive, 4M, EV 96.9 MPH)
Batting: RHB Tim Mercer 0-0: Ball
1-0: Ball
2-0: Fly out, F4 (Popup, 4D, EV 60.0 MPH)
Batting: RHB Alfonso Tejeda 0-0: Ball
1-0: Foul Ball, location: 25F
1-1: Foul Ball, location: 3F
1-2: Fly out, F8 (Flyball, 8RM, EV 94.4 MPH)
Top of the 6th over - 0 runs, 1 hit, 0 errors, 1 left on base; Cincinnati 4 - Arizona 1
BOTTOM OF THE 6TH
Arizona Diamondbacks batting - Pitching for Cincinnati Reds : RHP Juan Mata
Batting: RHB Kevin Delmotte 0-0: Foul Ball, location: 9LDF
0-1: Ball
1-1: Ground out 3-1 (Groundball, 13, EV 84.4 MPH)
Pitching: LHP C.J. Williams
Batting: LHB Mike Tinder 0-0: DOUBLE (Line Drive, 7LD, EV 102.5 MPH)
Batting: RHB Gabe Bankole 0-0: Called Strike
0-1: Called Strike
0-2: Strikes out swinging
Batting: RHB Jesse Cavallaro 0-0: Ball
1-0: Called Strike
1-1: Foul Ball, location: 9LDF
1-2: Ball
2-2: Strikes out swinging
Bottom of the 6th over - 0 runs, 1 hit, 0 errors, 1 left on base; Cincinnati 4 - Arizona 1
TOP OF THE 7TH
Cincinnati Reds batting - Pitching for Arizona Diamondbacks : LHP Rafael Estrada
Batting: RHB Earl Boivin 0-0: SINGLE (Groundball, 34D, EV 100.0 MPH)
Batting: LHB Jonathan Nelson 0-0: Ball
1-0: SINGLE (Groundball, 34S, EV 87.5 MPH) (infield hit)
Earl Boivin to second
Batting: RHB Jesus Najera 0-0: Called Strike
0-1: Foul Ball, location: 9LSF
0-2: Ball
1-2: Strikes out swinging
Batting: LHB Steve Carbone 0-0: Ball
1-0: Called Strike
1-1: Fly out, F8 (Flyball, 8RXD, EV 103.8 MPH)
Runner from 2nd tags up, SAFE at 3rd, no throw by CF
Batting: RHB Dave Truax 0-0: Ball
1-0: Ball
2-0: Fly out, F7 (Flyball, 7, EV 93.8 MPH)
Top of the 7th over - 0 runs, 2 hits, 0 errors, 2 left on base; Cincinnati 4 - Arizona 1
BOTTOM OF THE 7TH
Arizona Diamondbacks batting - Pitching for Cincinnati Reds : LHP C.J. Williams
Pitching: RHP Dustin Guerin
Batting: RHB Shawn Lindsey 0-0: Called Strike
0-1: Ball
1-1: Ball
2-1: SINGLE (Flyball, 5D, EV 90.0 MPH)
Batting: SHB Macario Castro 0-0: Hit by Pitch
Shawn Lindsey to second
Batting: LHB Travis Lawlor 0-0: Foul Ball, location: 25F
0-1: Ball
1-1: Called Strike
1-2: Strikes out swinging
Batting: SHB Jose Medina 0-0: Fly out, F9 (Flyball, 89S, EV 79.4 MPH)
Batting: LHB Mario Valdez 0-0: Ball
1-0: Ball
2-0: Ball
3-0: Called Strike
3-1: Called Strike
3-2: Strikes out swinging
Bottom of the 7th over - 0 runs, 1 hit, 0 errors, 2 left on base; Cincinnati 4 - Arizona 1
TOP OF THE 8TH
Cincinnati Reds batting - Pitching for Arizona Diamondbacks : LHP Rafael Estrada
Batting: RHB Erik Schmidt 0-0: Ball
1-0: Ball
2-0: Foul Ball, location: 3SF
2-1: Ball
3-1: Base on Balls
Pitching: LHP Nehemiah Tatum
Batting: RHB Jamie Schexnider 0-0: Called Strike
0-1: Foul Ball, location: 5FF
0-2: Ball
1-2: Ball
2-2: Foul Ball, location: 7LSF
2-2: Grounds into double play, 6-4-3 (Groundball, 6, EV 98.8 MPH)
Batting: RHB Tim Mercer 0-0: Called Strike
0-1: Ground out 5-3 (Groundball, 56S, EV 85.0 MPH)
Top of the 8th over - 0 runs, 0 hits, 0 errors, 0 left on base; Cincinnati 4 - Arizona 1
BOTTOM OF THE 8TH
Arizona Diamondbacks batting - Pitching for Cincinnati Reds : RHP Dustin Guerin
Pitching: RHP Mike Yates
Now in RF: B.J. Illiano
Batting: RHB Kevin Delmotte 0-0: Ground out 5-3 (Groundball, 56, EV 91.9 MPH)
Batting: LHB Mike Tinder 0-0: Foul Ball, location: 5FF
0-1: Ball
1-1: Ball
2-1: Foul Ball, location: 2F
2-2: SINGLE (Groundball, 4MD, EV 103.1 MPH)
Pinch Hitting: LHB Eddy Miramontes 0-0: Called Strike
0-1: Ball
1-1: Ball
2-1: Ball
3-1: Foul Ball, location: 7LMF
3-2: Base on Balls
Mike Tinder to second
Batting: RHB Jesse Cavallaro 0-0: Ball
1-0: Fly out, F8 (Flyball, 8RS, EV 87.5 MPH)
Batting: RHB Shawn Lindsey 0-0: Fly out, F8 (Flyball, 8RXD, EV 95.0 MPH)
Bottom of the 8th over - 0 runs, 1 hit, 0 errors, 2 left on base; Cincinnati 4 - Arizona 1
TOP OF THE 9TH
Cincinnati Reds batting - Pitching for Arizona Diamondbacks : LHP Nehemiah Tatum
Now at 2B: Jesse Cavallaro
Now at SS: Alex Castro
Batting: RHB Alfonso Tejeda 0-0: Foul Ball, location: 2LF
0-1: Ball
1-1: Ball
2-1: Swinging Strike
2-2: Strikes out swinging, 2-3 out at first.
Batting: RHB Earl Boivin 0-0: Fly out, F9 (Line Drive, 9S, EV 104.4 MPH)
Batting: LHB Jonathan Nelson 0-0: Ball
1-0: Foul Ball, location: 2F
1-1: Called Strike
1-2: Ball
2-2: Ball
3-2: Foul Ball, location: 5FF
3-2: Base on Balls
Pitching: RHP Dan Rutledge
Batting: RHB Jesus Najera 0-0: Ball
1-0: Swinging Strike
1-1: Swinging Strike
1-2: Foul Ball, location: 2F
1-2: Ball
2-2: Strikes out swinging
Top of the 9th over - 0 runs, 0 hits, 0 errors, 1 left on base; Cincinnati 4 - Arizona 1
BOTTOM OF THE 9TH
Arizona Diamondbacks batting - Pitching for Cincinnati Reds : RHP Mike Yates
Now at 2B: Eddie Enright
Batting: SHB Macario Castro 0-0: Ground out 2-3 (Groundball, 2L, EV 66.3 MPH)
Batting: LHB Travis Lawlor 0-0: Called Strike
0-1: Ground out 6-3 (Groundball, 6, EV 84.4 MPH)
Batting: SHB Jose Medina 0-0: Ball
1-0: Foul Ball, location: 7LMF
1-1: Ball
2-1: Foul Ball, location: 25FF
2-2: Foul Ball, location: 5FF
2-2: Ball
3-2: Fly out, F8 (Flyball, 8LD, EV 105.6 MPH)
Bottom of the 9th over - 0 runs, 0 hits, 0 errors, 0 left on base; Cincinnati 4 - Arizona 1
Monday, April 8th , 2024 - OOTP Baseball 24.11 Build 85